 Dungeon Crawl Stone Soup version 0.27.1 (webtiles) character file.

Game seed: 6629392840310623343

268 Malachi the Skirmisher (level 6, -5/52 HPs)
             Began as a Ghoul Fighter on Aug 24, 2021.
             Slain by a gnoll (9 damage)
             ... on level 3 of the Dungeon.
             The game lasted 00:03:00 (3213 turns).

Malachi the Skirmisher (Ghoul Fighter)              Turns: 3213, Time: 00:03:01

Health: -5/52      AC: 10    Str: 18 (22) XL:     6   Next: 21%
Magic:  5/5        EV:  4    Int:  3      God:
Gold:   132        SH:  8    Dex:  8      Spells: 5/5 levels left

rFire    . . .     SeeInvis .   a - +0 war axe (flame)
rCold    + . .     Faith    .   c - +0 kite shield
rNeg     + + +     Spirit   .   l - +0 chain mail
rPois    ∞         Reflect  .   (no helmet)
rElec    .         Harm     .   (no cloak)
rCorr    .         Rampage  .   k - +0 pair of gloves
Will     .....                  (no boots)
Stlth    ..........             (no amulet)
HPRegen  0.00/turn              (no ring)
MPRegen  0.09/turn              (no ring)

@: flying, inhibited regen
A: claws 1, cold resistance 1, negative energy resistance 3, inhibited
regeneration, torment resistance 2
a: no special abilities


You were on level 3 of the Dungeon.
You visited 1 branch of the dungeon, and saw 3 of its levels.

You collected 132 gold pieces.

Inventory:

Hand Weapons
 a - a +0 war axe of flaming (weapon)
Armour
 c - a +0 kite shield (worn)
 k - a +0 pair of gloves (worn)
 l - a +0 chain mail (worn)
Scrolls
 d - 3 scrolls of immolation
Potions
 b - a potion of curing
 f - a potion of mutation
 j - a potion of berserk rage {unknown}


   Skills:
 + Level 4.2 Fighting
 + Level 4.0 Axes
 + Level 3.9 Armour
 + Level 3.2 Shields


You had 5 spell levels left.
You didn't know any spells.
Your spell library contained the following spells:

 Spells                   Type           Power      Damage    Failure   Level
 Static Discharge         Conj/Air       0%         N/A       100%        2
 Lightning Bolt           Conj/Air       0%         1d11      100%        5
 Maxwell's Capacitive Co  Air            0%         ∞         100%        8


Dungeon Overview and Level Annotations

Branches:
Dungeon (3/15)

Altars:
Yredelemnul
Zin


Innate Abilities, Weirdness & Mutations

You thrive by killing the living.
You are immune to poison.
You have sharp fingernails.
Your flesh is cold resistant. (rC+)
You are immune to negative energy. (rN+++)
You do not regenerate when monsters are visible.
You are immune to unholy pain and torment.


Message History

The gnoll hits you with a +0 whip of electrocution. x2
Your shield prevents you from hitting the gnoll.
The gnoll is lightly wounded.
The gnoll hits you with a +0 whip of electrocution!
You are electrocuted!
* * * LOW HITPOINT WARNING * * *
You block the gnoll's attack.
You are too injured to fight recklessly!
You are too injured to fight recklessly!
You are too injured to fight recklessly!
You are too injured to fight recklessly!
You are too injured to fight recklessly!
You are too injured to fight recklessly!
You are too injured to fight recklessly!
You are too injured to fight recklessly!
You are too injured to fight recklessly!
It was a potion of curing.
You feel better.
The gnoll hits you with a +0 whip of electrocution.
* * * LOW HITPOINT WARNING * * *
You are electrocuted!
* * * LOW HITPOINT WARNING * * *
You completely miss the gnoll.
The gnoll is lightly wounded.
You block the gnoll's attack.
It was a potion of mutation.
You feel extremely strange.
Your body decomposes!
You feel weakened.
Your body decomposes!
You feel weakened.
Your body decomposes!
You feel weakened.
Your body decomposes!
You feel weakened. The gnoll barely misses you.
It was a potion of flight.
You feel very buoyant.
You fly up into the air.
You block the gnoll's attack.
Okay, then.
The gnoll hits you but does no damage.
You are electrocuted!
You die...

#.# #..........# #.#
##### #.##########
#.# #.... #.# ####
#.# #.... #.# #..##
#.# #.... #.# #..##
#.# #.... #.# +..##
#.# #....##.# #..##
#^###.....#.# #..'.
......).@.# #..##
#####.)g### #..##
#...###+###### #....
#...##.......# #####
#...##.......#
#...##.......#
#...##.......#
#...##.......########
#...............


You could see a gnoll.

Vanquished Creatures
  An ogre (D:3)
  The ghost of Ishikawa the Ruffian, a weakling TrBe of Trog (D:3)
  An orc wizard (D:3)
  A hound zombie (D:3)
  2 gnolls (D:3)
  An adder (D:3)
  A worm (D:3)
  2 dart slugs
  5 orcs (D:3)
  5 endoplasms
  4 goblins
  5 hobgoblins
  3 quokkas
  5 ball pythons
  A ball python zombie (D:3)
  5 bats
  2 frilled lizards
  9 kobolds
  5 rats
59 creatures vanquished.

Notes
Turn   | Place    | Note
-------+----------+-------------------------------------------
     0 | D:1      | Malachi the Ghoul Fighter began the quest for the Orb.
     0 | D:1      | Reached XP level 1. HP: 19/19 MP: 0/0
   170 | D:1      | Reached XP level 2. HP: 26/26 MP: 1/1
   571 | D:1      | Reached XP level 3. HP: 33/33 MP: 2/2
  1053 | D:2      | Found a faded altar of an unknown god.
  1765 | D:3      | Noticed an ogre
  1786 | D:3      | Killed an ogre
  1787 | D:3      | Reached XP level 4. HP: 9/40 MP: 3/3
  1787 | D:3      | Reached XP level 5. HP: 11/46 MP: 4/4
  2447 | D:3      | Found a runed translucent gate.
  2447 | D:3      | Found a runed translucent gate.
  2447 | D:3      | Found a runed translucent gate.
  2447 | D:3      | Noticed Ishikawa's ghost (weakling TrBe)
  2449 | D:3      | Found a basalt altar of Yredelemnul.
  2469 | D:3      | Killed Ishikawa's ghost
  2470 | D:3      | Reached XP level 6. HP: 15/52 MP: 5/5
  3213 | D:3      | Slain by a gnoll

Illustrated notes

Levels and vault maps discovered:
D:1:      dpeg_arrival_simpleton_c, layout_loops_ring, minivault_4,
          grunt_decor_mini_mirrors
D:2:      layout_rooms, basic_altar, shapermc_ecumenical_altar_mp_highgroup
D:3:      minmay_wonky_spiral, layout_basic, nicolae_yredelemnul_ghost_church,
          lemuel_flame_loot_1

Skill      XL: |  1  2  3  4  5 |
---------------+----------------+-----
Axes           | 2 3 4 |  4.0
Shields        | 3 |  3.2
Fighting       | 4 |  4.2
Armour         | 3 |  3.9

Action                   |  1- 3 |  4- 6 || total
-------------------------+-------+-------++-------
Melee: War axe           |    82 |    70 ||   152
  Use: Scroll            |     3 |     2 ||     5
       Potion            |     1 |     3 ||     4
Armor: Scale mail        |    40 |       ||    40
       Chain mail        |       |    47 ||    47
Dodge: Dodged            |    23 |    20 ||    43
Block: Kite shield       |    31 |    41 ||    72
